 Dungeon Crawl Stone Soup version 0.20.1-1-g8b1a95d (webtiles) character file.

350 ghjk the Chopper (level 6, -1/55 HPs)
             Began as a Minotaur Fighter on July 15, 2017.
             Succumbed to Oddysee's ghost's poison
             ... on level 3 of the Dungeon.
             The game lasted 00:02:50 (2437 turns).

ghjk the Chopper (Minotaur Fighter)                 Turns: 2437, Time: 00:02:51

Health: -1/55      AC:  7    Str: 28    XL:     6   Next: 34%
Magic:  5/5        EV: 10    Int:  5    God:
Gold:   181        SH:  0    Dex:  9    Spells: 5/5 levels left

rFire    . . .     SeeInvis .   q - +0 hand axe (chop)
rCold    . . .     Gourm    .   (no shield)
rNeg     . . .     Faith    .   b - +0 scale mail
rPois    .         Spirit   .   (helmet restricted)
rElec    .         Reflect  .   (no cloak)
rCorr    .         Harm     .   (no gloves)
MR       .....                  (no boots)
Stlth    ..........             (no amulet)
Regen    0.2/turn               (no ring)
MPRegen  0.1/turn               (no ring)

@: mighty, lethally poisoned (-1 -> -59)
A: retaliatory headbutt, horns 2
a: no special abilities


You were on level 3 of the Dungeon.
You were hungry.

You visited 1 branch of the dungeon, and saw 3 of its levels.

You collected 181 gold pieces.

Inventory:

Hand Weapons
 a - a +0 war axe
 q - a +0 hand axe of chopping (weapon)
Armour
 b - a +0 scale mail (worn)
Wands
 o - a wand of disintegration (15/24)
Scrolls
 c - 8 scrolls of identify {unknown}
 e - a scroll of recharging {unknown}
 g - a scroll of enchant weapon {unknown}
 j - a scroll of teleportation {unknown}
 k - a scroll of remove curse {unknown}
 l - a scroll of magic mapping {unknown}
 n - a scroll of enchant armour {unknown}
 p - a scroll of random uselessness {unknown}
Potions
 h - a potion of degeneration {unknown}
 i - a potion of lignification {unknown}
 m - a potion of agility {unknown}
Comestibles
 f - a bread ration


   Skills:
 + Level 4.8 Fighting
 + Level 5.9 Axes
 + Level 5.4 Armour
 + Level 1.3 Dodging
   Level 3.6 Shields


You had 5 spell levels left.
You didn't know any spells.

Dungeon Overview and Level Annotations

Branches:
Dungeon (3/15)

Altars:

Annotations:
D:3 Oddysee's ghost, amateur MiAK


Innate Abilities, Weirdness & Mutations

You reflexively headbutt those who attack you in melee.
You have a pair of horns on your head.


Message History

* * * LOW HITPOINT WARNING * * *
You are more poisoned.
You barely miss Oddysee's ghost. Your headbutt misses Oddysee's ghost.
Oddysee's ghost is moderately damaged.
* * * LOW HITPOINT WARNING * * *
You feel very sick. Oddysee's ghost stares at you. Oddysee's ghost hits you.
* * * LOW HITPOINT WARNING * * *
You are more poisoned.
You slash Oddysee's ghost!
Oddysee's ghost is severely damaged.
* * * LOW HITPOINT WARNING * * *
You feel very sick.
Oddysee's ghost hits you but does no damage.
You are more poisoned.
Unknown command.
You hit Oddysee's ghost.
Oddysee's ghost is almost destroyed.
You die...

#..#
...###########
..............
##.##.....####
.............#
##.##.....##.#
##.#########.#
##.#
####.############
##.#
#......W@.......#
##.#
###.#.##########.#
.#.# #...#.# #.#
.#.# #.#<..# #.#
.#.# #.####### #.#
...#####.......#
#.#
..........####.#
#.# ..>######.#
#.# #.#
.#.######.# #.#
#.#


You could see Oddysee's ghost.

Vanquished Creatures
  A bullfrog (D:3)
  2 orc priests (D:3)
  Natasha (D:3)
  2 orc wizards (D:3)
  A worker ant (D:3)
  5 adders
  An ooze (D:2)
  3 worms
  2 leopard geckos (D:1)
  8 orcs (D:3)
  2 ball pythons
  4 bats
  4 giant cockroaches
  6 hobgoblins
  3 jackals (D:2)
  4 kobolds
  8 frilled lizards
  3 goblins
  5 rats
65 creatures vanquished.

Notes
Turn   | Place    | Note
-------+----------+-------------------------------------------
     0 | D:1      | ghjk the Minotaur Fighter began the quest for the Orb.
     0 | D:1      | Reached XP level 1. HP: 19/19 MP: 0/0
   139 | D:1      | Reached XP level 2. HP: 27/27 MP: 1/1
  1033 | D:2      | Reached XP level 3. HP: 31/33 MP: 2/2
  1390 | D:2      | Reached XP level 4. HP: 40/40 MP: 3/3
  1822 | D:3      | Reached skill level 1 in Dodging
  1822 | D:3      | Reached XP level 5. HP: 12/47 MP: 4/4
  1823 | D:3      | Reached skill level 5 in Armour
  2091 | D:3      | Noticed Natasha
  2093 | D:3      | Reached skill level 5 in Axes
  2105 | D:3      | Killed Natasha
  2118 | D:3      | Reached XP level 6. HP: 35/53 MP: 5/5
  2424 | D:3      | Noticed Oddysee's ghost (amateur MiAK)
  2437 | D:3      | Succumbed to Oddysee's ghost's poison

Skill      XL: |  1  2  3  4  5 |
---------------+----------------+-----
Fighting       | 4 |  4.8
Armour         | 4 5 |  5.4
Axes           | 3 4 5 |  5.9
Dodging        | 1 |  1.3
Shields        | |  3.6

Action                   |  1- 3 |  4- 6 || total
-------------------------+-------+-------++-------
Melee: War axe           |    72 |    27 ||    99
       Headbutt          |     7 |    14 ||    21
       Hand axe          |       |    50 ||    50
  Use: Potion            |       |     1 ||     1
  Eat: Chunk             |     2 |     2 ||     4
Armor: Scale mail        |    32 |    31 ||    63
Dodge: Dodged            |    52 |    29 ||    81
